 Dungeon Crawl Stone Soup version 0.29.1-13-g9f3cf754e1 (webtiles) character file.

Game seed: 9460819914345396853

14 MajorAdolf the Covered (level 2, 0/25 HPs)
             Began as a Naga Wanderer on Jan 20, 2023.
             Slain by a goblin
             ... wielding a +1 dagger of pain
              (2 damage)
             ... on level 1 of the Dungeon.
             The game lasted 00:01:01 (370 turns).

MajorAdolf the Covered (Naga Wanderer)               Turns: 370, Time: 00:01:01

Health: 0/25       AC:  4    Str: 12    XL:     2   Next: 45%
Magic:  2/2        EV:  6    Int: 10    God:
Gold:   0          SH:  0    Dex: 14    Spells: 1/1 levels left

rFire   . . .      SeeInvis +   a - +0 flail
rCold   . . .      Faith    .   (no shield)
rNeg    . . .      Spirit   .   c - +0 scale mail
rPois   +          Reflect  .   (no helmet)
rElec   .          Harm     .   (no cloak)
rCorr   .          Rampage  .   (no gloves)
Will    .....                   (no barding)
Stlth   ..........              (no amulet)
HPRegen 0.08/turn               (no ring)
MPRegen 0.08/turn               (no ring)

@: short of breath, very slow
A: AC +0, large, see invisible, deformed body, poison resistance, slowness 2,
spit poison 1, naga tail 1
a: Spit Poison


You were on level 1 of the Dungeon.
You visited 1 branch of the dungeon, and saw 1 of its levels.

Inventory:

Hand Weapons
 a - a +0 flail (weapon)
 b - a +0 sling
Armour
 c - a +0 scale mail (worn)
Potions
 d - a potion of berserk rage
 e - a potion of lignification {unknown}


   Skills:
 + Level 1.3 Fighting
 - Level 3.0 Maces & Flails
 - Level 1.0 Ranged Weapons
 + Level 3.5 Armour
 - Level 1.0 Invocations
 - Level 1.0 Evocations


You had one spell level left.
You didn't know any spells.
Your spell library was empty.

Dungeon Overview and Level Annotations

Branches:
Dungeon (1/15)

Altars:
Qazlal


Innate Abilities, Weirdness & Mutations

Your serpentine skin is tough. (AC +0)
You have supernaturally acute eyesight. (SInv)
Armour fits poorly on your strangely shaped body.
Your system is resistant to poisons. (rPois)
You cover ground very slowly.
You can spit poison.
You have a snake-like lower body.


Message History

You barely miss the hobgoblin. The hobgoblin barely misses you.
You completely miss the hobgoblin.
The hobgoblin hits you but does no damage.
The hobgoblin barely misses you.
You hit the hobgoblin but do no damage. The hobgoblin hits you.
The hobgoblin hits you but does no damage.
You completely miss the hobgoblin.
The hobgoblin hits you but does no damage.
The hobgoblin barely misses you.
You closely miss the hobgoblin. The hobgoblin hits you.
The hobgoblin barely misses you. The hobgoblin hits you.
The hobgoblin barely misses you.
You closely miss the hobgoblin. The hobgoblin hits you. x2
You are too injured to fight recklessly!
The hobgoblin hits you.
* * * LOW HITPOINT WARNING * * *
You are too injured to fight recklessly!
Aiming: Spit Poison (2% risk of failure)
Press: ? - help, Shift-Dir - straight line, f - goblin
Aim: a goblin, wielding a +1 dagger of pain (50% to hit)
The splash of poison hits the hobgoblin.
You kill the hobgoblin!
The hobgoblin hits you but does no damage.
Unknown command.
The hobgoblin hits you.
* * * LOW HITPOINT WARNING * * *
The goblin closely misses you. The goblin attacks as you move away!
The goblin hits you but does no damage. The hobgoblin attacks as you move away!
The hobgoblin hits you.
* * * LOW HITPOINT WARNING * * *
You have got your breath back.
Aiming: Spit Poison (2% risk of failure)
Press: ? - help, Shift-Dir - straight line, f - hobgoblin, p - goblin
Aim: a hobgoblin (59% to hit)
The splash of poison misses the goblin.
The splash of poison hits the hobgoblin!
The hobgoblin is poisoned.
You kill the hobgoblin!
The goblin hits you with a +1 dagger of pain.
You die...

##.##..g# ...
##...###.#.....
###....#.)g......#
#....)...##.....##
......)#.)## ######
..........†##
..########.)### .
##.g.# ###@### ###
#...# #.. ###.## #.#
#..## #.# ##..#
..###### ##.#
.......#############.##
..####................#
#.## ##################


You could see a goblin.

Vanquished Creatures
  2 endoplasms (D:1)
  4 hobgoblins (D:1)
  A quokka (D:1)
  A frilled lizard (D:1)
  4 goblins (D:1)
  A kobold (D:1)
  A rat (D:1)
14 creatures vanquished.

Notes
Turn   | Place    | Note
-------+----------+-------------------------------------------
     0 | D:1      | MajorAdolf the Naga Wanderer began the quest for the Orb.
     0 | D:1      | MajorAdolf set off with the following items: a +0 flail, a
                  | +0 sling, a +0 scale mail, a potion of berserk rage.
     0 | D:1      | Reached XP level 1. HP: 15/15 MP: 1/1
   330 | D:1      | Reached skill level 1 in Fighting
   330 | D:1      | Reached XP level 2. HP: 25/25 MP: 2/2
   345 | D:1      | Found a stormy altar of Qazlal.
   370 | D:1      | Slain by a goblin

Illustrated notes

Levels and vault maps discovered:
D:1:      co_arrival_random_square_maze, layout_rooms, minmay_hexomino_r4

Skill      XL: |  1 |
---------------+----+-----
Fighting       | 1 |  1.3
Maces & Flails | |  3.0
Ranged Weapons | |  1.0
Armour         | |  3.5
Invocations    | |  1.0
Evocations     | |  1.0

Action                   || total
-------------------------++-------
Melee: Flail             ||    30
 Abil: Spit Poison       ||     4
Armor: Scale mail        ||    17
Dodge: Dodged            ||    12
